[ AOE2 MATCH · #480839799 ]
UnrankedVikings vs Chinese
[ REPLAY ANALYSIS · EXTRACTED FROM THE RECORDED GAME ]
Feudal
—
Castle
—
Imperial
—
| APM avg | 21.2 |
| APM peak | 31 |
| eAPM avg | 8.7 |
| Villagers / military | 23 / 0 |
Focus
⚔️ 14.5% · 🌾 85.5%
Feudal
—
Castle
—
Imperial
—
| APM avg | 4.6 |
| APM peak | 12 |
| eAPM avg | 2.3 |
| Villagers / military | 9 / 0 |
Focus
⚔️ 0.0% · 🌾 100.0%
Feudal
—
Castle
—
Imperial
—
| APM avg | 24.1 |
| APM peak | 62 |
| eAPM avg | 7.3 |
| Villagers / military | 15 / 0 |
Focus
⚔️ 2.6% · 🌾 97.4%
Feudal
—
Castle
—
Imperial
—
| APM avg | 33.5 |
| APM peak | 53 |
| eAPM avg | 11.5 |
| Villagers / military | 17 / 0 |
Focus
⚔️ 6.6% · 🌾 93.4%
Feudal
—
Castle
—
Imperial
—
| APM avg | 13.5 |
| APM peak | 27 |
| eAPM avg | 6.0 |
| Villagers / military | 22 / 0 |
Focus
⚔️ 0.0% · 🌾 100.0%
Feudal
—
Castle
—
Imperial
—
| APM avg | 20.2 |
| APM peak | 32 |
| eAPM avg | 8.1 |
| Villagers / military | 38 / 0 |
Focus
⚔️ 0.0% · 🌾 100.0%
Feudal
—
Castle
—
Imperial
—
| APM avg | 15.1 |
| APM peak | 24 |
| eAPM avg | 8.1 |
| Villagers / military | 16 / 0 |
Focus
⚔️ 8.3% · 🌾 91.7%
Feudal
—
Castle
—
Imperial
—
| APM avg | 21.6 |
| APM peak | 37 |
| eAPM avg | 11.9 |
| Villagers / military | 28 / 0 |
Focus
⚔️ 1.3% · 🌾 98.7%
Match map
Initial resources + every placement click. Lines = walls · curves = elevation contours. ◆ gold · ⬟ stone · ● berries · ✦ relic · ◌ wall gap
Your base
Player59259629's base
BLaCk_HoLE's base
Twixxo's base
laodiao-9527's base
< blank >'s base
james.dale's base
甄姬拔菜's base
Smoothed initial terrain · ◌ = detected wall gap · hover for details
Inputs per minute
— o-a-s_55 - - Player59259629
Build order — o-a-s_55
29 actions detected in the replay
| 0:17 | Create | Villager (Male) |
| 0:17 | Create | Villager (Male) |
| 0:20 | Build | House |
| 0:21 | Build | House |
| 0:30 | Create | Villager (Male) |
| 1:00 | Create | Villager (Male) |
| 1:36 | Create | Villager (Male) |
| 1:36 | Create | Villager (Male) |
| 1:40 | Research | Loom |
| 1:42 | Create | Villager (Male) |
| 2:25 | Create | Villager (Male) |
| 3:02 | Create | Villager (Male) |
| 3:02 | Create | Villager (Male) |
| 3:36 | Create | Villager (Male) |
| 3:36 | Create | Villager (Male) |
| 3:58 | Build | Lumber Camp |
| 4:03 | Create | Villager (Male) |
| 5:08 | Create | Villager (Male) |
| 5:28 | Create | Villager (Male) |
| 5:28 | Create | Villager (Male) |
| 6:35 | Create | Villager (Male) |
| 6:36 | Create | Villager (Male) |
| 6:36 | Create | Villager (Male) |
| 7:11 | Build | House |
| 7:14 | Build | House |
| 8:18 | Create | Villager (Male) |
| 8:18 | Create | Villager (Male) |
| 8:19 | Create | Villager (Male) |
| 8:19 | Create | Villager (Male) |
Build order — Player59259629
12 actions detected in the replay
| 4:51 | Create | Villager (Male) |
| 5:34 | Build | House |
| 5:42 | Create | Villager (Male) |
| 5:42 | Create | Villager (Male) |
| 5:43 | Create | Villager (Male) |
| 5:43 | Create | Villager (Male) |
| 6:11 | Build | House |
| 7:02 | Build | House |
| 7:55 | Create | Villager (Male) |
| 7:55 | Create | Villager (Male) |
| 7:56 | Create | Villager (Male) |
| 7:56 | Create | Villager (Male) |
Build order — BLaCk_HoLE
19 actions detected in the replay
| 0:08 | Build | House |
| 0:13 | Build | House |
| 2:24 | Create | Villager (Male) |
| 2:27 | Create | Villager (Male) |
| 2:35 | Create | Villager (Male) |
| 2:35 | Create | Villager (Male) |
| 2:56 | Build | Lumber Camp |
| 3:22 | Create | Villager (Male) |
| 3:22 | Create | Villager (Male) |
| 3:22 | Create | Villager (Male) |
| 4:08 | Create | Villager (Male) |
| 4:42 | Create | Villager (Male) |
| 6:49 | Create | Villager (Male) |
| 6:49 | Create | Villager (Male) |
| 6:50 | Create | Villager (Male) |
| 6:50 | Create | Villager (Male) |
| 6:50 | Create | Villager (Male) |
| 7:37 | Create | Villager (Male) |
| 8:07 | Build | Barracks |
Build order — Twixxo
29 actions detected in the replay
| 0:03 | Create | Villager (Male) |
| 0:07 | Build | House |
| 0:14 | Create | Villager (Male) |
| 0:36 | Build | House |
| 0:57 | Create | Villager (Male) |
| 1:12 | Build | House |
| 1:36 | Create | Villager (Male) |
| 1:41 | Create | Villager (Male) |
| 2:01 | Research | Loom |
| 2:51 | Create | Villager (Male) |
| 3:00 | Build | House |
| 3:01 | Create | Villager (Male) |
| 4:16 | Create | Villager (Male) |
| 4:24 | Create | Villager (Male) |
| 5:10 | Build | Palisade Wall |
| 5:18 | Create | Villager (Male) |
| 5:20 | Create | Villager (Male) |
| 5:24 | Build | House |
| 5:37 | Build | Palisade Wall |
| 6:02 | Build | Palisade Wall |
| 6:14 | Create | Villager (Male) |
| 6:16 | Create | Villager (Male) |
| 6:41 | Create | Villager (Male) |
| 7:05 | Build | Lumber Camp |
| 7:44 | Build | Palisade Wall |
| 8:27 | Create | Villager (Male) |
| 8:37 | Build | Mill |
| 8:42 | Create | Villager (Male) |
| 8:50 | Create | Villager (Male) |
Build order — laodiao-9527
30 actions detected in the replay
| 0:10 | Build | House |
| 0:13 | Create | Villager (Male) |
| 0:13 | Create | Villager (Male) |
| 0:13 | Create | Villager (Male) |
| 0:13 | Create | Villager (Male) |
| 0:14 | Create | Villager (Male) |
| 0:40 | Build | House |
| 0:43 | Build | House |
| 0:47 | Build | House |
| 1:36 | Build | Mill |
| 1:50 | Build | Mill |
| 1:55 | Create | Villager (Male) |
| 1:55 | Create | Villager (Male) |
| 1:56 | Create | Villager (Male) |
| 2:20 | Create | Villager (Male) |
| 2:20 | Create | Villager (Male) |
| 2:48 | Create | Villager (Male) |
| 3:04 | Create | Villager (Male) |
| 3:28 | Create | Villager (Male) |
| 4:30 | Create | Villager (Male) |
| 4:30 | Create | Villager (Male) |
| 4:30 | Create | Villager (Male) |
| 4:30 | Create | Villager (Male) |
| 4:31 | Create | Villager (Male) |
| 5:39 | Create | Villager (Male) |
| 5:50 | Build | Farm |
| 6:19 | Create | Villager (Male) |
| 6:51 | Create | Villager (Male) |
| 7:19 | Research | Loom |
| 7:52 | Create | Villager (Male) |
Build order — < blank >
44 actions detected in the replay
| 0:02 | Build | House |
| 0:04 | Build | House |
| 0:04 | Create | Villager (Male) |
| 0:05 | Create | Villager (Male) |
| 0:05 | Create | Villager (Male) |
| 0:05 | Create | Villager (Male) |
| 0:05 | Create | Villager (Male) |
| 1:37 | Create | Villager (Male) |
| 1:37 | Create | Villager (Male) |
| 1:56 | Build | Lumber Camp |
| 2:15 | Create | Villager (Male) |
| 2:15 | Create | Villager (Male) |
| 2:15 | Create | Villager (Male) |
| 2:46 | Create | Villager (Male) |
| 2:46 | Create | Villager (Male) |
| 2:46 | Create | Villager (Male) |
| 3:26 | Create | Villager (Male) |
| 3:26 | Create | Villager (Male) |
| 3:27 | Create | Villager (Male) |
| 3:27 | Create | Villager (Male) |
| 3:45 | Build | House |
| 3:55 | Create | Villager (Male) |
| 3:55 | Create | Villager (Male) |
| 4:12 | Create | Villager (Male) |
| 4:12 | Create | Villager (Male) |
| 4:33 | Build | Mill |
| 6:05 | Create | Villager (Male) |
| 6:05 | Create | Villager (Male) |
| 6:06 | Create | Villager (Male) |
| 6:06 | Create | Villager (Male) |
| 6:07 | Create | Villager (Male) |
| 6:38 | Build | House |
| 7:01 | Create | Villager (Male) |
| 7:01 | Create | Villager (Male) |
| 7:01 | Create | Villager (Male) |
| 7:45 | Create | Villager (Male) |
| 7:45 | Create | Villager (Male) |
| 8:20 | Create | Villager (Male) |
| 8:20 | Create | Villager (Male) |
| 8:21 | Create | Villager (Male) |
| 8:21 | Create | Villager (Male) |
| 8:23 | Create | Villager (Male) |
| 8:23 | Create | Villager (Male) |
| 8:23 | Create | Villager (Male) |
Build order — james.dale
18 actions detected in the replay
| 0:06 | Create | Villager (Male) ×4 |
| 0:22 | Build | House |
| 0:23 | Build | House |
| 2:51 | Create | Villager (Male) |
| 4:01 | Build | Palisade Wall |
| 4:54 | Create | Villager (Male) |
| 4:54 | Create | Villager (Male) |
| 4:54 | Create | Villager (Male) |
| 4:55 | Create | Villager (Male) |
| 5:18 | Research | Loom |
| 5:22 | Create | Villager (Male) |
| 5:23 | Create | Villager (Male) |
| 7:05 | Create | Villager (Male) |
| 7:06 | Create | Villager (Male) |
| 7:06 | Create | Villager (Male) |
| 7:28 | Create | Villager (Male) |
| 7:29 | Create | Villager (Male) |
| 7:41 | Build | House |
Build order — 甄姬拔菜
34 actions detected in the replay
| 0:03 | Create | Villager (Male) |
| 0:05 | Build | House |
| 0:07 | Build | House |
| 0:08 | Create | Villager (Male) |
| 0:09 | Create | Villager (Male) |
| 0:18 | Create | Villager (Male) |
| 1:26 | Create | Villager (Male) |
| 2:02 | Build | Lumber Camp |
| 2:12 | Create | Villager (Male) |
| 2:28 | Create | Villager (Male) |
| 2:53 | Create | Villager (Male) |
| 2:54 | Create | Villager (Male) |
| 3:30 | Create | Villager (Male) |
| 3:30 | Create | Villager (Male) |
| 3:43 | Build | House |
| 4:05 | Create | Villager (Male) |
| 4:06 | Create | Villager (Male) |
| 4:06 | Create | Villager (Male) |
| 4:49 | Build | Mill |
| 4:52 | Create | Villager (Male) |
| 4:52 | Create | Villager (Male) |
| 5:31 | Create | Villager (Male) |
| 5:31 | Create | Villager (Male) |
| 5:59 | Create | Villager (Male) |
| 6:00 | Create | Villager (Male) |
| 6:20 | Create | Villager (Male) |
| 6:26 | Build | House |
| 7:06 | Create | Villager (Male) |
| 7:07 | Create | Villager (Male) |
| 7:20 | Create | Villager (Male) |
| 7:21 | Create | Villager (Male) |
| 8:15 | Create | Villager (Male) |
| 8:16 | Create | Villager (Male) |
| 8:33 | Create | Villager (Male) |
Match timeline
| 4:01 | james.dale · wall_segment Palisade Wall x30 |
| 5:10 | Twixxo · wall_segment Palisade Wall x9 |
| 5:37 | Twixxo · wall_segment Palisade Wall x8 |
| 6:02 | Twixxo · wall_segment Palisade Wall x9 |
| 7:44 | Twixxo · wall_segment Palisade Wall x1 |
| 8:07 | BLaCk_HoLE · first_building Barracks |
| 8:07 | james.dale · resign |
[ AI ANALYSIS · 1 CREDIT ]
What really happened in this match?
Wolo.gg analyzes every decision: build order, eco, micro, common mistakes by bracket. Personalized analysis on WhatsApp or Discord in 30 seconds.
Civ guide
Vikings
Perfil
Jugador #2563531